 Dungeon Crawl Stone Soup version 0.20.1-1-g8b1a95d (webtiles) character file.

922 MovingMist the Ducker (level 7, -5/55 HPs)
             Began as a Demonspawn Gladiator on Nov 21, 2017.
             Slain by a centaur (10 damage)
             ... on level 5 of the Dungeon.
             The game lasted 00:14:18 (4468 turns).

MovingMist the Ducker (Demonspawn Gladiator)        Turns: 4468, Time: 00:14:19

Health: -5/55      AC: 12    Str: 19    XL:     7   Next: 84%
Magic:  7/7        EV:  8    Int: 11    God:
Gold:   281        SH:  0    Dex: 15    Spells: 6/6 levels left

rFire    . . .     SeeInvis .   a - +0 long sword
rCold    . . .     Gourm    .   (no shield)
rNeg     . . .     Faith    .   r - +0 plate armour
rPois    .         Spirit   .   (helmet restricted)
rElec    .         Reflect  .   (no cloak)
rCorr    .         Harm     .   (no gloves)
MR       .....                  (no boots)
Stlth    ..........             k - amulet of regeneration
Regen    0.6/turn               i - +2 ring of intelligence
MPRegen  0.1/turn               A - +3 ring of strength

@: no status effects
A: antennae 1, thin metallic scales 1, demonic guardian 1, powered by death 1
a: no special abilities


You were on level 5 of the Dungeon.
You were not hungry.

You visited 1 branch of the dungeon, and saw 5 of its levels.

You collected 281 gold pieces.

Inventory:

Hand Weapons
 a - a +0 long sword (weapon)
Missiles
 d - 3 throwing nets (quivered)
Armour
 r - a +0 plate armour (worn)
Jewellery
 e - an uncursed amulet of rage
 i - a +2 ring of intelligence (left hand)
 k - an amulet of regeneration (around neck)
 u - a cursed amulet of inaccuracy {unknown}
 v - an uncursed amulet of guardian spirit
 w - an uncursed ring of protection from magic
 A - a +3 ring of strength (right hand)
Wands
 x - a wand of paralysis (2/24)
Scrolls
 b - a scroll of magic mapping
 j - 2 scrolls of fog
 q - 3 scrolls of fear
 y - 2 scrolls of remove curse
 B - a scroll of immolation {unknown}
 C - 2 scrolls of teleportation {unknown}
Potions
 g - 2 potions of berserk rage
 h - 2 potions of magic {unknown}
 l - a potion of ambrosia {unknown}
 m - 4 potions of heal wounds
 o - a potion of mutation {unknown}
 p - 2 potions of curing
 s - a potion of might {unknown}
 t - 2 potions of flight {unknown}
 E - a potion of haste {unknown}
Comestibles
 c - 4 fruits
 f - 7 bread rations
 n - 2 meat rations
 z - 3 royal jellies
 D - 10 chunks of flesh


   Skills:
 + Level 4.7 Fighting
 + Level 4.9 Long Blades
 - Level 1.7 Throwing
 * Level 6.4 Dodging


You had 6 spell levels left.
You didn't know any spells.

Dungeon Overview and Level Annotations

Branches:
Dungeon (5/15)
 Temple: D:4-7

Altars:
Dithmenos
Hepliaklqana
Nemelex Xobeh
Zin


Innate Abilities, Weirdness & Mutations

You have a pair of small antennae on your head.
You are partially covered in thin metallic scales. (AC +2)
A weak demonic guardian rushes to your aid.
You regenerate a little health from kills.


Message History

You hit the centaur but do no damage.
The centaur is heavily wounded.
The centaur hits you. The centaur hits you!
The centaur hits you but does no damage.
You hit the centaur.
The centaur is severely wounded.
The centaur hits you! The centaur hits you.
Your shadow imp hits the centaur but does no damage.
You hit the centaur.
The centaur is severely wounded.
The centaur completely misses you. The centaur hits you!
* * * LOW HITPOINT WARNING * * *
The centaur hits you!
* * * LOW HITPOINT WARNING * * *
Your shadow imp hits the centaur but does no damage.
You strike the helpless centaur from behind!
You hit the centaur but do no damage.
The centaur is severely wounded.
The centaur closely misses you. The centaur hits you!
You die...

.........#.............# #..##
....................#### ##.##
.........###.#......# ###..###
........## #.#......# ##......##
................##.####........#
....##...#..#.####.# #..........#
..............#....# #..........#
........###...#c...###..........#
............#..5@..(##..........#
.....#.......##....(((..........#
.........#.........###.........##
....##.#............##..........
..........#....................
.....#..#.#.#....)#...........
..).......#...##..............
).)...###.#### #..##..........
#####.# .......


You could see a centaur (berserk) and a friendly shadow imp.

Vanquished Creatures
  An ice beast (D:5)
  3 scorpions
  A jelly (D:4)
  2 orc priests (D:4)
  2 hounds (D:4)
  Terence (D:3)
  3 iguanas
  2 orc wizards
  A worker ant (D:4)
  A killer bee zombie (D:5)
  4 adders
  An ooze (D:4)
  4 worms
  2 adder skeletons (D:4)
  An adder zombie (D:4)
  A dart slug (D:3)
  4 leopard geckos
  10 orcs
  8 bats
  5 giant cockroaches
  6 goblins
  6 hobgoblins
  4 jackals
  2 quokkas (D:2)
  2 ball pythons (D:2)
  8 frilled lizards
  5 kobolds
  7 rats
97 creatures vanquished.

Vanquished Creatures (collateral kills)
  An ice beast (D:5)
  An orc warrior (D:5)
  A bullfrog (D:3)
  A howler monkey (D:3)
  Ijyb (D:3)
  4 orcs (D:5)
  A kobold (D:3)
10 creatures vanquished.

Grand Total: 107 creatures vanquished

Notes
Turn   | Place    | Note
-------+----------+-------------------------------------------
     0 | D:1      | MovingMist the Demonspawn Gladiator began the quest for the Orb.
     0 | D:1      | Reached XP level 1. HP: 16/16 MP: 1/1
   145 | D:1      | Gained mutation: A weak demonic guardian rushes to your aid. [demonic ancestry]
   145 | D:1      | Reached XP level 2. HP: 22/23 MP: 2/2
   249 | D:1      | Reached skill level 3 in Dodging
   663 | D:2      | Gained mutation: You regenerate a little health from kills. [demonic ancestry]
   663 | D:2      | Reached XP level 3. HP: 6/28 MP: 3/3
   891 | D:2      | Found a hazy altar of Hepliaklqana.
  1498 | D:2      | Gained mutation: You are partially covered in thin metallic scales. (AC +2) [demonic ancestry]
  1498 | D:2      | Reached XP level 4. HP: 34/34 MP: 4/4
  1735 | D:3      | Found a sparkling altar of Nemelex Xobeh.
  1826 | D:3      | Noticed Ijyb
  1842 | D:3      | Paralysed by Ijyb for 6 turns
  1849 | D:3      | Killed Ijyb
  1849 | D:3      | Reached skill level 4 in Dodging
  2085 | D:3      | Gained mutation: You have a pair of small antennae on your head. [demonic ancestry]
  2085 | D:3      | Reached XP level 5. HP: 31/41 MP: 5/5
  2341 | D:3      | Noticed Terence
  2354 | D:3      | Killed Terence
  2823 | D:4      | Reached XP level 6. HP: 32/47 MP: 6/6
  2945 | D:4      | Reached skill level 5 in Dodging
  3355 | D:4      | Found a glowing silver altar of Zin.
  3639 | D:4      | Found a shadowy altar of Dithmenos.
  4070 | D:5      | Entered Level 5 of the Dungeon
  4078 | D:4      | Reached XP level 7. HP: 39/54 MP: 7/7
  4178 | D:5      | Reached skill level 6 in Dodging
  4468 | D:5      | Slain by a centaur

Skill      XL: |  1  2  3  4  5  6  7 |
---------------+----------------------+-----
Dodging        | 3 4 5 6 |  6.4
Long Blades    | 3 4 |  4.9
Fighting       | 3 4 |  4.7
Throwing       | |  1.7

Action                   |  1- 3 |  4- 6 |  7- 9 || total
-------------------------+-------+-------+-------++-------
Melee: Long sword        |   141 |   247 |    83 ||   471
  Use: Scroll            |     5 |     4 |       ||     9
       Potion            |       |     1 |       ||     1
 Stab: Distracted        |       |       |     3 ||     3
  Eat: Chunk             |     2 |     8 |     2 ||    12
Armor: Chain mail        |   125 |    21 |       ||   146
       Plate armour      |       |   163 |    64 ||   227
Dodge: Dodged            |    63 |    69 |    41 ||   173
       Rpst.: Long sword |    20 |    26 |    15 ||    61
